 Dungeon Crawl Stone Soup version 0.31.0-12-g77e489cdc1 (webtiles) character file.

Game seed: 11005059944349237772

48 DildoBatman the Conjurer (level 4, -1/32 HPs)
             Began as a Formicid Conjurer on Mar 4, 2024.
             Slain by a ball python (2 damage)
             ... on level 4 of the Dungeon.
             The game lasted 00:02:42 (1106 turns).

DildoBatman the Conjurer (Formicid Conjurer)        Turns: 1106, Time: 00:02:42

Health: -1/32      AC:  2    Str: 12    XL:     4   Next: 0%
Magic:  7/7        EV:  9    Int: 19    God:
Gold:   45         SH:  0    Dex: 12    Spells: 5/8 levels left

rFire   . . .        k - +2 short sword (speed)
rCold   . . .        (no shield)
rNeg    . . .        a - +0 robe
rPois   .            (helmet unavailable)
rElec   .            (no cloak)
rCorr   .            (no gloves)
SInv    +            (no boots)
Will    .....        (no amulet)
Stlth   ++           (no ring)
HPRegen 0.25/turn    (no ring)
MPRegen 0.10/turn

%: no passive effects
@: constricted
A: permanent stasis, dig shafts and tunnels, antennae 3, four strong arms
a: Dig, Shaft Self


You were on level 4 of the Dungeon.
You visited 1 branch of the dungeon, and saw 3 of its levels.

You collected 45 gold pieces.

Inventory:

Hand Weapons
 e - a +0 spear
 k - a +2 short sword of speed (weapon)
Missiles
 c - 6 poisoned darts
 f - 8 stones
Armour
 a - a +0 robe (worn)
Scrolls
 d - 2 scrolls of poison {unknown}
 g - 2 scrolls of identify {unknown}
 i - a scroll of noise {unknown}
 j - a scroll of fog {unknown}
Potions
 b - a potion of magic
 h - a potion of ambrosia {unknown}


   Skills:
 + Level 1.2 Fighting
 + Level 1.1 Armour
 + Level 2.1 Dodging
 + Level 3.0 Stealth
 + Level 2.6 Spellcasting
 + Level 3.8 Conjurations


You had 5 spell levels left.
You knew the following spells:

 Your Spells              Type           Power      Damage    Failure   Level
a - Searing Ray           Conj           32%        2d5       4%          2
c - Magic Dart            Conj           64%        1d6       3%          1

Your spell library contained the following spells:

 Spells                   Type           Power      Damage    Failure   Level
 Tukima's Dance           Hex            2%         N/A       43%         3
 Fulminant Prism          Conj/Alch      4%         3d5       58%         4
 Iskenderun's Mystic Bla  Conj/Tloc      9%         2d4       58%         4
 Dimensional Bullseye     Hex/Tloc       1%         N/A       85%         4


Dungeon Overview and Level Annotations

Branches:
Dungeon (4/15)
 Temple: D:4-7

Altars:


Innate Abilities, Weirdness & Mutations

You cannot be hasted, slowed, berserked, paralysed or teleported.
You can dig through walls and to a lower floor.
You have a pair of large antennae on your head. (SInv)
Your four strong arms can wield two-handed weapons with a shield.


Message History

Anything else - Cancel.
You shout for attention!
The iguana bites you!
The kobold hits you with a +0 short sword.
An orc wizard comes into view. It is wielding a +0 dagger.
What are your orders? t - Shout!
Orders for allies: a - Attack new target. r - Retreat! s - Stop attacking. g - Guard the area. f - Follow me.
Anything else - Cancel.
You shout for attention!
The ball python barely misses you. The ball python closely misses you.
The iguana closely misses you.
The orc wizard casts a spell.
The orc wizard flickers and vanishes for a moment.
The kobold hits you but does no damage. What are your orders? t - Shout!
Orders for allies: a - Attack new target. r - Retreat! s - Stop attacking. g - Guard the area. f - Follow me.
Anything else - Cancel.
You shout for attention!
A quokka comes into view.
The ball python bites you but does no damage.
The ball python grabs you. The ball python constricts you.
The iguana bites you.
The kobold hits you with a +0 short sword.
What are your orders? t - Shout!
Orders for allies: a - Attack new target. r - Retreat! s - Stop attacking. g - Guard the area. f - Follow me.
Anything else - Cancel.
You shout for attention!
The ball python bites you.
You die...

.. . .# .< ##
.. .##.#
,.###
....##...# .
#...r.>#
#...##....#
#...o..@K.#
##.(.##Sl..#,


oo. #.##g.... . #.# ,.... ... ... ..# {, .. ... . ..## You could see an iguana,
2 orc wizards, an orc, a quokka, a hobgoblin, a ball python and a kobold.

Vanquished Creatures
  2 dart slugs (D:1)
  A ribbon worm (D:2)
  5 endoplasms
  2 giant cockroaches
  2 hobgoblins (D:2)
  7 kobolds
  A quokka (D:1)
  7 ball pythons
  2 bats (D:1)
  3 frilled lizards
  4 goblins
  3 rats (D:1)
39 creatures vanquished.

Notes
Turn   | Place    | Note
-------+----------+-------------------------------------------
     0 | D:1      | DildoBatman the Formicid Conjurer began the quest for the
                  | Orb.
     0 | D:1      | Reached XP level 1. HP: 13/13 MP: 3/3
   172 | D:1      | Reached XP level 2. HP: 20/20 MP: 1/5
   175 | D:1      | Learned a level 2 spell: Searing Ray
   189 | D:1      | Found a faded altar of an unknown god.
   344 | D:1      | Reached XP level 3. HP: 25/25 MP: 4/6
   414 | D:1      | Reached skill level 1 in Fighting
   414 | D:1      | Reached skill level 1 in Armour
  1091 | D:2      | Reached XP level 4. HP: 32/32 MP: 7/7
  1093 | D:2      | You fall into a shaft and drop 2 floors!
  1105 | D:4      | HP: 1/32 [kobold/+0 short sword (2)]
  1106 | D:4      | Slain by a ball python

Illustrated notes

Levels and vault maps discovered:
D:1:      amcnicky_arrival_double_pillar, layout_basic,
          hellmonk_ecumenical_altar_pennies_from_heaven
D:2:      layout_basic, serial_shops, shop
D:4:      layout_cave_pools, saegor_snake_ambush, uniq_blork_the_orc

Skill      XL: |  1  2  3 |
---------------+----------+-----
Dodging        | 2 |  2.1
Fighting       | 1 |  1.2
Armour         | 1 |  1.1
Stealth        | 3 |  3.0
Spellcasting   | |  2.6
Conjurations   | |  3.8

Action                     |  1- 3 |  4- 6 || total
---------------------------+-------+-------++-------
  Melee: Spear             |    54 |       ||    54
         Unarmed           |     1 |       ||     1
         Short sword       |    21 |       ||    21
         Punch             |     1 |       ||     1
   Cast: Magic Dart        |    34 |       ||    34
         Searing Ray       |     3 |       ||     3
Ability: Shaft Self        |       |     1 ||     1
   Stab: Sleeping          |     5 |       ||     5
 Armour: Robe              |    39 |     9 ||    48
  Dodge: Dodged            |    44 |     6 ||    50
